MWL
WATERLOO HAWKS @ CLINTON PILOTS
06/15/1982
 
TOP OF THE 1ST
Waterloo Hawks batting - Pitching for Clinton Pilots : LHP Louis Blows
Pitching: LHP Louis Blows
Batting: RHB Edward Irvine 0-0: Ground out 5-3 (Groundball, 5, EV 89.4 MPH)
Batting: RHB Jay Loviglio 0-0: Ball
1-0: Called Strike
1-1: Ball
2-1: Foul Ball, location: 2F
2-2: Ball
3-2: Base on Balls
Batting: RHB Tony Evans 0-0: Ball
1-0: Called Strike
1-1: Ball
2-1: Ball
Jay Loviglio steals 2nd base (no throw)
3-1: Foul Ball, location: 2F
3-2: Strikes out swinging
Batting: RHB Carmelo Aguayo 0-0: Ball
1-0: Ground out 5-3 (Groundball, 5, EV 82.5 MPH)
Top of the 1st over - 0 runs, 0 hits, 0 errors, 1 left on base; Waterloo 0 - Clinton 0
BOTTOM OF THE 1ST
Clinton Pilots batting - Pitching for Waterloo Hawks : RHP John Franks
Pitching: RHP John Franks
Batting: RHB Danny Chairez 0-0: Called Strike
0-1: Fly out, F6 (Popup, P, EV 84.4 MPH)
Batting: RHB Tom Riley 0-0: Ball
1-0: Ball
2-0: Called Strike
2-1: Foul Ball, location: 2F
2-2: Strikes out swinging
Batting: SHB Alan Regier 0-0: Foul Ball, location: 2F
0-1: Swinging Strike
0-2: Ball
1-2: Foul Ball, location: 2F
1-2: Foul Ball, location: 2F
1-2: Foul Ball, location: 2F
1-2: Ball
2-2: Ball
3-2: Foul Ball, location: 2F
3-2: DOUBLE (Flyball, 7LD, EV 97.5 MPH)
Batting: RHB Abe Rael 0-0: Called Strike
0-1: SINGLE (Flyball, 8LS, EV 84.4 MPH)
Alan Regier to third
Runner from 3rd tries for Home, SAFE, throw by CF to home
Abe Rael to second
Batting: RHB Joseph Rietano 0-0: Ball
1-0: Foul Ball, location: 2F
1-1: Ball
2-1: Ball
3-1: Called Strike
3-2: Foul Ball, location: 2F
3-2: Strikes out looking
Bottom of the 1st over - 1 run, 2 hits, 0 errors, 1 left on base; Waterloo 0 - Clinton 1
TOP OF THE 2ND
Waterloo Hawks batting - Pitching for Clinton Pilots : LHP Louis Blows
Batting: LHB Burk Goldthorn 0-0: Ground out 6-3 (Groundball, 56, EV 98.8 MPH)
Batting: RHB Michael Williams 0-0: Called Strike
0-1: Fly out, F9 (Flyball, 9D, EV 93.1 MPH)
Batting: RHB Kean Rich 0-0: Swinging Strike
0-1: Foul Ball, location: 2F
0-2: Ball
1-2: DOUBLE (Line Drive, 9LS, EV 106.9 MPH)
Batting: RHB David Cusack 0-0: SINGLE (Line Drive, 89S, EV 98.1 MPH)
Kean Rich to third
Runner from 3rd tries for Home, SAFE, throw by CF to home
Batting: LHB Dave Miley 0-0: Called Strike
0-1: Ball
1-1: Called Strike
1-2: Foul Ball, location: 2F
1-2: Ground out U3 (Groundball, 34, EV 79.4 MPH)
Top of the 2nd over - 1 run, 2 hits, 0 errors, 1 left on base; Waterloo 1 - Clinton 1
BOTTOM OF THE 2ND
Clinton Pilots batting - Pitching for Waterloo Hawks : RHP John Franks
Batting: RHB Alberto Reyes 0-0: Ball
1-0: Foul Ball, location: 2F
1-1: Ball
2-1: Swinging Strike
2-2: Ball
3-2: Base on Balls
Batting: RHB Barry Siebert 0-0: Called Strike
0-1: Ball
1-1: Ground out 4-3 (Groundball, 34, EV 103.8 MPH)
Alberto Reyes to second
Batting: LHB Epifano Martinez 0-0: SINGLE (Line Drive, 56D, EV 93.8 MPH)
Alberto Reyes to third
Batting: RHB Donn Koch 0-0: Ball
1-0: Ball
2-0: Called Strike
2-1: Called Strike
Epifano Martinez is caught stealing 2nd base 2-4
2-2: Foul Ball, location: 2F
2-2: Strikes out swinging
Bottom of the 2nd over - 0 runs, 1 hit, 0 errors, 1 left on base; Waterloo 1 - Clinton 1
TOP OF THE 3RD
Waterloo Hawks batting - Pitching for Clinton Pilots : LHP Louis Blows
Batting: RHB Edward Irvine 0-0: Fly out, F8 (Flyball, 8RXD, EV 94.4 MPH)
Batting: RHB Jay Loviglio 0-0: Ball
1-0: Swinging Strike
1-1: Ball
2-1: Foul Ball, location: 2F
2-2: Foul Ball, location: 2F
2-2: SINGLE (Groundball, 6MD, EV 100.6 MPH)
Batting: RHB Tony Evans 0-0: Ball
1-0: Called Strike
1-1: Ball
2-1: Ball
3-1: Fly out, F6 (Popup, P, EV 81.9 MPH)
Batting: RHB Carmelo Aguayo 0-0: Ball
1-0: Ball
2-0: SINGLE (Line Drive, 9S, EV 100.6 MPH)
Jay Loviglio to second
Batting: LHB Burk Goldthorn 0-0: Foul Ball, location: 2F
0-1: Ball
1-1: Called Strike
1-2: Foul Ball, location: 2F
1-2: Foul Ball, location: 2F
1-2: Ground out 4-3 (Groundball, 4, EV 90.6 MPH)
Top of the 3rd over - 0 runs, 2 hits, 0 errors, 2 left on base; Waterloo 1 - Clinton 1
BOTTOM OF THE 3RD
Clinton Pilots batting - Pitching for Waterloo Hawks : RHP John Franks
Batting: RHB Danny Chairez 0-0: Ball
1-0: Ball
2-0: Foul Ball, location: 2F
2-1: Ball
3-1: Swinging Strike
3-2: Foul Ball, location: 2F
3-2: Base on Balls
Batting: RHB Tom Riley 0-0: Ball
1-0: Swinging Strike
1-1: Ball
2-1: Ball
3-1: Called Strike
3-2: Base on Balls
Danny Chairez to second
Batting: SHB Alan Regier 0-0: Ball
1-0: Ball
2-0: Ball
3-0: Base on Balls
Danny Chairez to third
Tom Riley to second
Batting: RHB Abe Rael 0-0: Grounds into fielders choice 1-2 (Groundball, 15S, EV 71.3 MPH)
Tom Riley to third
Alan Regier to second
Batting: RHB Joseph Rietano 0-0: Swinging Strike
0-1: Called Strike
0-2: Ball
1-2: Ball
2-2: Ball
3-2: Foul Ball, location: 2F
3-2: Fly out, F2 (Popup, 2RF, EV 88.1 MPH)
Batting: RHB Alberto Reyes 0-0: Ball
1-0: Swinging Strike
1-1: Foul Ball, location: 2F
1-2: Fly out, F8 (Line Drive, 8RM, EV 88.8 MPH)
Bottom of the 3rd over - 0 runs, 0 hits, 0 errors, 3 left on base; Waterloo 1 - Clinton 1
TOP OF THE 4TH
Waterloo Hawks batting - Pitching for Clinton Pilots : LHP Louis Blows
Batting: RHB Michael Williams 0-0: Called Strike
0-1: Ground out 6-3 (Groundball, 6, EV 83.8 MPH)
Batting: RHB Kean Rich 0-0: Ball
1-0: Foul Ball, location: 2F
1-1: Foul Ball, location: 2F
1-2: Strikes out looking
Batting: RHB David Cusack 0-0: Swinging Strike
0-1: Ball
1-1: Ball
2-1: SINGLE (Groundball, 6M, EV 103.8 MPH) (infield hit)
Batting: LHB Dave Miley 0-0: Foul Ball, location: 2F
0-1: Ball
Pickoff Throw to First - Error! E1
David Cusack to second
1-1: Called Strike
1-2: Strikes out swinging
Top of the 4th over - 0 runs, 1 hit, 1 error, 1 left on base; Waterloo 1 - Clinton 1
BOTTOM OF THE 4TH
Clinton Pilots batting - Pitching for Waterloo Hawks : RHP John Franks
Batting: RHB Barry Siebert 0-0: Called Strike
0-1: Ball
1-1: SINGLE (Line Drive, 8RS, EV 100.0 MPH)
Batting: LHB Epifano Martinez 0-0: Ball
1-0: SINGLE (Groundball, 34D, EV 100.6 MPH)
Barry Siebert to second
Runner from 2nd tries for 3rd, SAFE, no throw by RF
Batting: RHB Donn Koch 0-0: Ball
1-0: Called Strike
1-1: Called Strike
1-2: Strikes out looking
Batting: RHB Danny Chairez 0-0: Called Strike
0-1: Foul Ball, location: 2F
0-2: Ball
1-2: Ball
2-2: Fly out, F9 (Flyball, 89S, EV 94.4 MPH)
Batting: RHB Tom Riley 0-0: Ball
1-0: SINGLE (Groundball, 4MS, EV 75.0 MPH) (infield hit)
Barry Siebert scores
Epifano Martinez to second
Batting: SHB Alan Regier 0-0: Ball
1-0: Ball
2-0: Called Strike
2-1: Foul Ball, location: 2F
2-2: Ball
3-2: Fly out, F7 (Flyball, 7, EV 71.9 MPH)
Bottom of the 4th over - 1 run, 3 hits, 0 errors, 2 left on base; Waterloo 1 - Clinton 2
TOP OF THE 5TH
Waterloo Hawks batting - Pitching for Clinton Pilots : LHP Louis Blows
Batting: RHB Edward Irvine 0-0: Foul Ball, location: 2F
0-1: Ball
1-1: Fly out, F7 (Flyball, 78M, EV 96.3 MPH)
Batting: RHB Jay Loviglio 0-0: Foul Ball, location: 2F
0-1: Called Strike
0-2: SINGLE (Groundball, 5S, EV 75.6 MPH) (infield hit)
Batting: RHB Tony Evans 0-0: Ball
Jay Loviglio steals 2nd base
1-0: Foul Ball, location: 2F
1-1: Foul Ball, location: 2F
1-2: SINGLE (Groundball, 34S, EV 73.8 MPH) (infield hit)
Jay Loviglio to third
Batting: RHB Carmelo Aguayo 0-0: Called Strike
0-1: Ball
1-1: Swinging Strike
1-2: Foul Ball, location: 2F
1-2: Fly out, F9 (Flyball, 89S, EV 93.8 MPH)
Batting: LHB Burk Goldthorn 0-0: Ball
1-0: Called Strike
1-1: Ball
2-1: Foul Ball, location: 2F
2-2: Ball
3-2: SINGLE (Line Drive, 8LS, EV 93.1 MPH)
Jay Loviglio scores
Tony Evans to second
Tony Evans to third
Batting: RHB Michael Williams 0-0: Called Strike
0-1: Called Strike
0-2: Ball
1-2: Foul Ball, location: 2F
1-2: Ball
2-2: Fly out, F8 (Flyball, 8RM, EV 93.8 MPH)
Top of the 5th over - 1 run, 3 hits, 0 errors, 2 left on base; Waterloo 2 - Clinton 2
BOTTOM OF THE 5TH
Clinton Pilots batting - Pitching for Waterloo Hawks : RHP John Franks
Batting: RHB Abe Rael 0-0: Ball
1-0: Ball
2-0: Called Strike
2-1: SINGLE (Groundball, 56D, EV 101.3 MPH)
Batting: RHB Joseph Rietano 0-0: Fly out, F9 (Flyball, 89M, EV 88.8 MPH)
Batting: RHB Alberto Reyes 0-0: Called Strike
0-1: Ball
1-1: Fly out, F4 (Popup, 34, EV 60.6 MPH)
Batting: RHB Barry Siebert 0-0: Ball
1-0: Fly out, F7 (Flyball, 7LM, EV 78.8 MPH)
Bottom of the 5th over - 0 runs, 1 hit, 0 errors, 1 left on base; Waterloo 2 - Clinton 2
TOP OF THE 6TH
Waterloo Hawks batting - Pitching for Clinton Pilots : LHP Louis Blows
Batting: RHB Kean Rich 0-0: Called Strike
0-1: Called Strike
0-2: Ball
1-2: Foul Ball, location: 2F
1-2: Fly out, F7 (Line Drive, 7, EV 93.1 MPH)
Batting: RHB David Cusack 0-0: Ball
1-0: Ball
2-0: Fly out, F9 (Flyball, 89M, EV 84.4 MPH)
Batting: LHB Dave Miley 0-0: Ball
1-0: Foul Ball, location: 2F
1-1: Ground out U3 (Groundball, 3, EV 101.3 MPH)
Top of the 6th over - 0 runs, 0 hits, 0 errors, 0 left on base; Waterloo 2 - Clinton 2
BOTTOM OF THE 6TH
Clinton Pilots batting - Pitching for Waterloo Hawks : RHP John Franks
Batting: LHB Epifano Martinez 0-0: Called Strike
0-1: Swinging Strike
0-2: Ball
1-2: Ball
2-2: Fly out, F4 (Popup, 34, EV 51.9 MPH)
Batting: RHB Donn Koch 0-0: Called Strike
0-1: Ball
1-1: Ball
2-1: Called Strike
2-2: SINGLE (Line Drive, 89S, EV 100.6 MPH)
Batting: RHB Danny Chairez 0-0: Foul Ball, location: 2F
0-1: Ball
1-1: Ball
2-1: Swinging Strike
2-2: Fly out, F4 (Popup, 3, EV 55.6 MPH)
Batting: RHB Tom Riley 0-0: Ball
1-0: Ball
2-0: Ball
3-0: Called Strike
3-1: Called Strike
3-2: Strikes out swinging
Bottom of the 6th over - 0 runs, 1 hit, 0 errors, 1 left on base; Waterloo 2 - Clinton 2
TOP OF THE 7TH
Waterloo Hawks batting - Pitching for Clinton Pilots : LHP Louis Blows
Batting: RHB Edward Irvine 0-0: Swinging Strike
0-1: Ground out 4-3 (Groundball, 34, EV 85.0 MPH)
Batting: RHB Jay Loviglio 0-0: Ball
1-0: Ball
2-0: Ball
3-0: Called Strike
3-1: Base on Balls
Batting: RHB Tony Evans 0-0: Called Strike
0-1: Swinging Strike
0-2: Ball
1-2: Foul Ball, location: 2F
1-2: Fly out, F7 (Flyball, 7, EV 91.9 MPH)
Batting: RHB Carmelo Aguayo 0-0: Ball
Jay Loviglio steals 2nd base
1-0: Called Strike
1-1: Ball
Wild Pitch!
Jay Loviglio to third
2-1: Called Strike
2-2: SINGLE (Groundball, 4MD, EV 93.8 MPH)
Jay Loviglio scores
Batting: LHB Burk Goldthorn 0-0: Called Strike
0-1: Ball
1-1: Foul Ball, location: 2F
1-2: Ball
2-2: Ground out U3 (Groundball, 34, EV 79.4 MPH)
Top of the 7th over - 1 run, 1 hit, 0 errors, 1 left on base; Waterloo 3 - Clinton 2
BOTTOM OF THE 7TH
Clinton Pilots batting - Pitching for Waterloo Hawks : RHP John Franks
Batting: SHB Alan Regier 0-0: Foul Ball, location: 2F
0-1: Ground out 4-3 (Groundball, 4, EV 101.9 MPH)
Batting: RHB Abe Rael 0-0: Called Strike
0-1: Ball
1-1: Fly out, F7 (Flyball, 7LM, EV 87.5 MPH)
Batting: RHB Joseph Rietano 0-0: Called Strike
0-1: Foul Ball, location: 2F
0-2: Hit by Pitch
Pinch Runner at 1st Darryl Stephens:
Batting: RHB Alberto Reyes 0-0: Called Strike
0-1: Called Strike
0-2: Fielders Choice at 2nd, 6-4 (Groundball, 6, EV 94.4 MPH)
Bottom of the 7th over - 0 runs, 0 hits, 0 errors, 1 left on base; Waterloo 3 - Clinton 2
TOP OF THE 8TH
Waterloo Hawks batting - Pitching for Clinton Pilots : LHP Louis Blows
Pitching: RHP Robert Davis
Now at 3B: Ferdinand Rivera
Batting: RHB Michael Williams 0-0: Called Strike
0-1: Ball
1-1: Foul Ball, location: 2F
1-2: Fly out, F8 (Flyball, 78XD, EV 88.8 MPH)
Batting: RHB Kean Rich 0-0: SINGLE (Groundball, 6MD, EV 96.9 MPH)
Batting: RHB David Cusack 0-0: Called Strike
0-1: Ball
1-1: Called Strike
1-2: Ball
2-2: Ball
3-2: Base on Balls
Kean Rich to second
Batting: LHB Dave Miley 0-0: Foul Ball, location: 2F
0-1: Ball
1-1: Swinging Strike
1-2: Ball
2-2: SINGLE (Line Drive, 89S, EV 101.9 MPH)
Kean Rich to third
David Cusack to second
Batting: RHB Edward Irvine 0-0: Called Strike
0-1: Ball
1-1: Ball
2-1: Swinging Strike
2-2: Fly out, F9 (Flyball, 9S, EV 92.5 MPH)
Batting: RHB Jay Loviglio 0-0: DOUBLE (Groundball, 5L, EV 101.9 MPH)
Kean Rich scores
David Cusack scores
Dave Miley to third
Runner from 3rd tries for Home, SAFE, throw by LF to trailing runner, OUT at third! 7-6-5
Top of the 8th over - 3 runs, 3 hits, 0 errors, 0 left on base; Waterloo 6 - Clinton 2
BOTTOM OF THE 8TH
Clinton Pilots batting - Pitching for Waterloo Hawks : RHP John Franks
Batting: RHB Barry Siebert 0-0: Swinging Strike
0-1: SINGLE (Groundball, 56D, EV 103.1 MPH)
Batting: LHB Epifano Martinez 0-0: DOUBLE (Line Drive, 9LD, EV 112.5 MPH)
Barry Siebert to third
Batting: RHB Donn Koch 0-0: Called Strike
0-1: Ball
1-1: Foul Ball, location: 2F
1-2: Ball
2-2: Ball
3-2: Fly out, F9 (Line Drive, 9, EV 88.1 MPH)
Batting: RHB Danny Chairez 0-0: Ball
1-0: Ball
2-0: Called Strike
2-1: Called Strike
2-2: Ground out 5-3 (Groundball, 56S, EV 85.6 MPH)
Barry Siebert scores
Batting: RHB Tom Riley 0-0: Called Strike
0-1: Foul Ball, location: 2F
0-2: Ball
1-2: Ball
2-2: Ball
3-2: Foul Ball, location: 2F
3-2: Foul Ball, location: 2F
3-2: Strikes out swinging
Bottom of the 8th over - 1 run, 2 hits, 0 errors, 1 left on base; Waterloo 6 - Clinton 3
TOP OF THE 9TH
Waterloo Hawks batting - Pitching for Clinton Pilots : RHP Robert Davis
Pitching: RHP Greg Mize
Batting: RHB Tony Evans 0-0: SINGLE (Line Drive, 8LS, EV 99.4 MPH)
Batting: RHB Carmelo Aguayo 0-0: Ball
1-0: Ball
2-0: Swinging Strike
2-1: Foul Ball, location: 2F
2-2: Foul Ball, location: 2F
2-2: Fly out, F9 (Flyball, 9LM, EV 109.4 MPH)
Batting: LHB Burk Goldthorn 0-0: Ball
1-0: Foul Ball, location: 2F
1-1: Fielders Choice at 2nd, 4-6 (Groundball, 34, EV 87.5 MPH)
Batting: RHB Michael Williams 0-0: Ball
1-0: Fielders Choice at 2nd, 5-4 (Groundball, 56, EV 104.4 MPH)
Top of the 9th over - 0 runs, 1 hit, 0 errors, 1 left on base; Waterloo 6 - Clinton 3
BOTTOM OF THE 9TH
Clinton Pilots batting - Pitching for Waterloo Hawks : RHP John Franks
Batting: SHB Alan Regier 0-0: Ball
1-0: Ball
2-0: Swinging Strike
2-1: Called Strike
2-2: Ball
3-2: Base on Balls
Batting: RHB Abe Rael 0-0: Called Strike
0-1: Called Strike
0-2: Foul Ball, location: 2F
0-2: Ball
1-2: Fly out, F7 (Flyball, 7D, EV 106.9 MPH)
Batting: RHB Ferdinand Rivera 0-0: Ball
1-0: Foul Ball, location: 2F
1-1: Ball
2-1: Ball
3-1: Base on Balls
Alan Regier to second
Pitching: RHP Victor Chavez
Batting: RHB Alberto Reyes 0-0: Ball
1-0: Foul Ball, location: 2F
1-1: Reached on error, E5 (Groundball, 56, EV 85.6 MPH)
Alan Regier to third
Ferdinand Rivera to second
Batting: RHB Barry Siebert 0-0: Swinging Strike
0-1: Swinging Strike
0-2: Ball
1-2: Foul Ball, location: 2F
1-2: Strikes out looking
Batting: LHB Epifano Martinez 0-0: Ground out 4-3 (Groundball, 4, EV 107.5 MPH)
Bottom of the 9th over - 0 runs, 0 hits, 1 error, 3 left on base; Waterloo 6 - Clinton 3
Friday, August 7th, 2020 - OOTP Baseball 21.5 Build 76